Map: Eastwatch LE

Players

RCASTRO

  • Race: Zerg Zerg
  • League: Platinum
  • Spawn Location: 7:00

CinDra - Winner!

  • Race: Zerg Zerg
  • League: Gold
  • Spawn Location: 1:00

VOD

Have the link to the VOD?

Description

Time

  • Played on: March 14, 2018, 10:39 p.m.
  • Length: 6:03
Show
View Real Time Build Order
Export as new Build Order

RCASTRO Zerg 

Build Orders: Pool First 

Get SALT Encoding   

  12  0:01  Drone  
  13  0:14  Overlord  
  13  0:30  Extractor  
  12  0:36  Spawning Pool  
  12  0:37  Drone  
  12  0:42  Drone  
  13  0:46  Drone  
  14  1:22  Queen  
  14  1:24  Zergling x6  
  19  1:36  Overlord  
  19  1:40  Metabolic Boost  
  19  1:47  Zergling x2  
  20  1:57  Zergling x2  
  21  2:01  Queen  
  23  2:10  Zergling x2  
  24  2:22  Roach Warren  
  23  2:24  Zergling x2  
  24  2:41  Zergling x6  
  24  2:43  Drone  
  28  2:58  Zergling x2  
  28  3:03  Zergling x2  
  30  3:15  Zergling x2  
  25  3:23  Zergling x2  
  23  3:41  Zergling x6  
  25  3:59  Zergling x2, Hatchery  
  25  4:05  Roach  
  27  4:13  Roach  
  27  4:16  Drone  
  30  4:22  Overlord  
  30  4:43  Roach x2  
  34  4:47  Drone x2  
  29  5:04  Zergling x4, Roach  
  31  5:14  Overlord x2  
  31  5:34  Zergling x8  
  35  5:43  Zergling x2  
Show
View Real Time Build Order
Export as new Build Order

CinDra Zerg - Winner!

Build Orders: Hatch First 

Get SALT Encoding   

  12  0:01  Drone  
  13  0:12  Overlord  
  13  0:16  Drone  
  14  0:32  Drone x2  
  14  0:34  Drone  
  17  0:53  Hatchery  
  17  0:55  Drone  
  17  1:01  Drone  
  18  1:06  Extractor  
  17  1:15  Spawning Pool  
  17  1:17  Drone  
  17  1:21  Drone  
  18  1:28  Drone  
  19  1:39  Overlord  
  19  1:49  Drone  
  20  2:03  Zergling x2  
  20  2:05  Queen x2  
  20  2:06  Zergling x2  
  26  2:12  Metabolic Boost  
  26  2:16  Drone  
  26  2:19  Zergling x2  
  26  2:22  Drone  
  29  2:33  Zergling x4  
  31  2:44  Queen  
  31  2:46  Overlord  
  31  2:47  Zergling x2  
  34  3:00  Overlord  
  34  3:01  Overlord x2  
  34  3:17  Zergling x8  
  34  3:18  Zergling x6  
  36  3:23  Zergling x2  
  36  3:24  Zergling x2  
  37  3:27  Zergling x2  
  36  3:37  Zergling x4  
  36  3:44  Zergling x2  
  36  3:45  Queen  
  39  3:55  Drone  
  40  3:57  Baneling Nest, Zergling x2  
  40  4:16  Queen  
  42  4:20  Drone x7  
  49  4:31  Drone x2  
  49  4:32  Drone  
  52  4:45  Hatchery  
  51  4:58  Zergling x12  
  55  5:05  Zergling x2  
  55  5:06  Zergling x2  
  57  5:13  Drone  
  58  5:14  Drone  
Tags
 
Add a new tag
Caveats
  • Supply blocks, unpowered buildings, or Contaminate may cause inaccurate times.
  • Supply counts are checked every 10 seconds.